 Dungeon Sprint DCSS version 0.30-a0-304-gdc4b735fe1 (webtiles) character file.

Game seed: 9396258476590306780

106 mhtbhm the Covered (level 4, -1/44 HPs)
             Began as an Armataur Fighter on Oct 21, 2022.
             Slain by Sigmund
             ... wielding a +6 vorpal scythe
              (2 damage)
             ... in the Dungeon (Sprint I: "Red Sonja").
             The game lasted 00:00:42 (112 turns).

mhtbhm the Covered (Armataur Fighter)                Turns: 112, Time: 00:00:43

Health: -1/44      AC:  7    Str: 23    XL:     4   Next: 55%
Magic:  4/4        EV:  7    Int:  9    God:
Gold:   0          SH:  5    Dex:  9    Spells: 3/3 levels left

rFire   . . .      SeeInvis .    a - +0 long sword
rCold   . . .      Faith    .    c - +0 buckler
rNeg    . . .      Spirit   .    b - +0 scale mail
rPois   .          Reflect  .    (no helmet)
rElec   .          Harm     .    (no cloak)
rCorr   .          Roll     +    (no gloves)
Will    .....      NoTele   +    (no barding)
Stlth   ..........               (no amulet)
HPRegen 0.27/turn                (no ring)
MPRegen 0.09/turn                (no ring)

@: hasted (expiring), very quick
A: large, rugged brown scales 3, deformed body, armoured tail, roll, long
tongue, awkward tongue
a: no special abilities


You were in the Dungeon.
You visited 1 branch

Inventory:

Hand Weapons
 a - a +0 long sword (weapon)
Armour
 b - a +0 scale mail (worn)
 c - a +0 buckler (worn)
Wands
 i - a wand of flame (14)
Scrolls
 j - a scroll of blinking
Potions
 d - a potion of might
 f - a potion of heal wounds
 h - 2 potions of magic


   Skills:
 + Level 5.2 Fighting
 + Level 3.2 Long Blades
 + Level 7.0 Armour
 + Level 6.1 Shields
 + Level 0.8 Evocations


You had 3 spell levels left.
You didn't know any spells.
Your spell library was empty.

Dungeon Overview and Level Annotations

Branches:
Dungeon (1/1)

Altars:

Annotations:
D Sigmund


Innate Abilities, Weirdness & Mutations

You are completely covered in rugged brown scales. (AC +3, +7% HP)
Armour fits poorly on your strangely shaped body.
You have a long armoured tail.
You roll when moving toward enemies. (Rampage)
Your long tongue fully drains potion bottles. (2x potion effects)
Your tongue gives you trouble enunciating. (1.5x scroll delay)


Message History

Sigmund casts a spell.
Sigmund flickers and vanishes!
Deactivating autopickup; reactivate with Ctrl-A.
No target in view!
You miss something. Something hits you.
You barely miss something. You barely miss something. You tail-slap something.
Something hits you.
You barely miss something. You hit something.
You hear some strange, mumbled words.
Something tries to affect you, but you resist.
You slash something! Something hits you!
You hit something. You miss something.
Your tail-slap misses something.
Something hits you but does no damage.
You miss something.
Your tail-slap misses something.
Something hits you.
You closely miss something. You closely miss something.
You hear some strange, mumbled words.
A magic dart appears from out of thin air!
The magic dart hits you.
You barely miss something.
Your tail-slap misses something.
You hear some strange, mumbled words.
You are confused.
You miss something. Something hits you!
* * * LOW HITPOINT WARNING * * *
x2 You miss something.
Unknown command.
You slurp down every last drop of the potion of curing!
You feel better. Something hits you!
* * * LOW HITPOINT WARNING * * *
You hit something but do no damage. You miss something.
You block something's attack.
You closely miss something.
Your extra speed is starting to run out.
You closely miss something. Something hits you.
* * * LOW HITPOINT WARNING * * *
x2 You miss something.
Something hits you!
* * * LOW HITPOINT WARNING * * *
You die...

#############
#<.#..'..#..+
#..').#..@{.#
#..#####+####
#..# #..#
#).# #⌠⌠#
####


There were no monsters in sight!

Vanquished Creatures
  An ogre (D)
  Ijyb (D)
2 creatures vanquished.

Notes
Turn   | Place    | Note
-------+----------+-------------------------------------------
     0 | D        | mhtbhm the Armataur Fighter began the quest for the Orb.
     0 | D        | Reached XP level 1. HP: 19/19 MP: 1/1
     1 | D        | Noticed Ijyb
     7 | D        | Killed Ijyb
     8 | D        | Reached skill level 5 in Armour
     8 | D        | Reached XP level 2. HP: 28/28 MP: 2/2
    64 | D        | Noticed an ogre
    77 | D        | Killed an ogre
    78 | D        | Reached skill level 5 in Fighting
    78 | D        | Reached skill level 7 in Armour
    78 | D        | Reached XP level 3. HP: 38/38 MP: 3/3
    78 | D        | Reached XP level 4. HP: 44/44 MP: 4/4
    91 | D        | Noticed Sigmund
   112 | D        | HP: 1/44 [something (7)]
   112 | D        | Slain by Sigmund

Illustrated notes

Levels and vault maps discovered:
D:        dungeon_sprint_1 [red_sonja_temple_1, red_sonja_temple_small_1]

Skill      XL: |  1  2 |
---------------+-------+-----
Fighting       | 4 5 |  5.2
Long Blades    | 2 3 |  3.2
Armour         | 5 7 |  7.0
Shields        | 4 6 |  6.1
Evocations     | |  0.8

Action                   |  1- 3 |  4- 6 || total
-------------------------+-------+-------++-------
Melee: Long sword        |     6 |    20 ||    26
       Tailslap          |       |     1 ||     1
Evoke: Wand              |     4 |       ||     4
  Use: Potion            |     2 |     1 ||     3
Armor: Scale mail        |     1 |     1 ||     2
Block: Buckler           |     2 |     1 ||     3

Table legend: (Time is in decaauts)
 A = Elapsed time spent in this place.
 B = Non-inter-level travel time spent in this place.
 C = Inter-level travel time spent in this place.
 D = Time resting spent in this place.
 E = Time spent auto-exploring this place.
 F = Levels seen in this place.
 G = Mean time per level.
                   A        B        C        D        E       F      G
               +--------+--------+--------+--------+--------+-----+--------+
         Total |    112 |    112 |      0 |     57 |      1 |   1 |  112.0 |
       Dungeon |    112 |    112 |      0 |     57 |      1 |   1 |  112.0 |
               +--------+--------+--------+--------+--------+-----+--------+

Top non-repeatable levels by time:
       D: 112 daAuts
